 Dungeon Crawl Stone Soup version 0.26.1-2-gb8aa6d0cf2 (webtiles) character file.

Game seed: 1257453556037879284

35 Marvel the Ducker (level 3, 0/19 HPs)
             Began as a Spriggan Fighter on Feb 12, 2021.
             Succumbed to an adder's poison
             ... on level 2 of the Dungeon.
             The game lasted 00:01:56 (1001 turns).

Marvel the Ducker (Spriggan Fighter)                Turns: 1001, Time: 00:01:56

Health: 0/19       AC:  2    Str: 12    XL:     3   Next: 16%
Magic:  4/4        EV: 20    Int:  9    God:
Gold:   57         SH:  7    Dex: 16    Spells: 2/2 levels left

rFire    . . .     SeeInvis +   a - +0 rapier
rCold    . . .     Faith    .   c - +1 buckler
rNeg     . . .     Spirit   .   b - +0 robe
rPois    .         Reflect  .   (helmet restricted)
rElec    .         Harm     .   (no cloak)
rCorr    .         Rampage  .   (gloves unavailable)
Will     .....                  (boots unavailable)
Stlth    ++........             (no amulet)
HPRegen  0.06/turn              (no ring)
MPRegen  0.09/turn              (no ring)

@: mighty, lethally poisoned (0 -> -2), very quick
A: very small, unfitting armour, see invisible, speed 3
a: no special abilities


You were on level 2 of the Dungeon.
You visited 1 branch of the dungeon, and saw 2 of its levels.

You collected 57 gold pieces.

Inventory:

Hand Weapons
 a - a +0 rapier (weapon)
Armour
 b - a +0 robe (worn)
 c - a +1 buckler (worn)
Jewellery
 k - an uncursed ring of willpower {unknown}
Scrolls
 e - 3 scrolls of identify {unknown}
 f - a scroll of random uselessness {unknown}
 g - a scroll of amnesia {unknown}
 h - a scroll of magic mapping
 i - a scroll of remove curse


   Skills:
 + Level 2.6 Fighting
 + Level 2.7 Short Blades
 + Level 5.3 Dodging
 + Level 0.3 Stealth
 + Level 2.3 Shields


You had 2 spell levels left.
You didn't know any spells.
Your spell library was empty.

Dungeon Overview and Level Annotations

Branches:
Dungeon (2/15)

Altars:


Innate Abilities, Weirdness & Mutations

You are very small and have problems with some larger weapons.
You are too small for most types of armour.
You have supernaturally acute eyesight. (SInv)
You cover ground extremely quickly.


Message History

You feel blessed for a moment.
It was a scroll of remove curse.
As you read the scroll labelled ESHROPPO YNKU, it crumbles to dust.
It is a scroll of enchant armour.
Your +0 buckler glows green for a moment.
As you read the scroll labelled UMUCKAY WACUJ, it crumbles to dust.
You feel aware of your surroundings.
You sensed 2 altars.
It was a scroll of magic mapping.
* * * LOW HITPOINT WARNING * * *
You feel sick.
Okay, then.
There is a lethal amount of poison in your body!
There is a lethal amount of poison in your body!
There is a lethal amount of poison in your body!
There is a lethal amount of poison in your body!
There is a lethal amount of poison in your body!
* * * LOW HITPOINT WARNING * * *
You feel sick.
* * * LOW HITPOINT WARNING * * *
You feel sick.
You die...

#....# *.......**
#....# *.......***
#....# *.......*,,
#....# *.......*,,
#....####†.....(*,,
#....†...?......**,
#....#####'#####*,,
#....#*,,,,..,,**,,
#.@..#*,,,,,...**,,
###.##*,,,,,,..#*,,
#)# *,,,,,,,.#*,,
#.# *,,,,,,,,#*,,
#.# *,,,,,,,,,,,*
#.#####**********
#.#...,,,,,,*
#####'#.#####**,*
#............**,*


There were no monsters in sight!

Vanquished Creatures
  An adder (D:2)
  A dart slug (D:1)
  2 leopard geckos
  3 bats (D:1)
  3 goblins
  2 hobgoblins (D:1)
  6 kobolds
  A frilled lizard (D:1)
  2 rats
21 creatures vanquished.

Notes
Turn   | Place    | Note
-------+----------+-------------------------------------------
     0 | D:1      | Marvel the Spriggan Fighter began the quest for the Orb.
     0 | D:1      | Reached XP level 1. HP: 11/11 MP: 2/2
   376 | D:1      | Reached skill level 5 in Dodging
   376 | D:1      | Reached XP level 2. HP: 13/16 MP: 3/3
   977 | D:2      | Reached XP level 3. HP: 4/19 MP: 4/4
  1001 | D:2      | Succumbed to an adder's poison

Illustrated notes

Levels and vault maps discovered:
D:1:      lemuel_arrival_river_bridge, layout_basic, minmay_misc_feat_chi
D:2:      layout_basic, lemuel_doored_altar,
          yredelemnul_forgotten_temple_becter,
          amcnicky_mini_rare_corridor_liquid

Skill      XL: |  1 |
---------------+----+-----
Dodging        | 5 |  5.3
Fighting       | |  2.6
Short Blades   | |  2.7
Stealth        | |  0.3
Shields        | |  2.3

Action                   || total
-------------------------++-------
Melee: Rapier            ||    77
  Use: Potion            ||     1
       Scroll            ||     3
Armor: Robe              ||     6
Dodge: Dodged            ||    53
Block: Buckler           ||    20
